 Dungeon Crawl Stone Soup version 0.15.2 (webtiles) character file.

160 flegu the Poker (level 5, -6/38 HPs)
             Began as a Merfolk Skald on Feb 12, 2015.
             Mangled by Sigmund
             ... wielding a +0 scythe
              (9 damage)
             ... on Level 2 of the Dungeon.
             The game lasted 00:20:56 (2818 turns).

flegu the Poker (Merfolk Skald)                     Turns: 2818, Time: 00:20:56

HP  -6/38        AC  3     Str 12      XL: 5   Next: 41%
MP  12/18        EV 12     Int 13      God:
Gold 30          SH  0     Dex 13      Spells:  3 memorised,  2 levels left

rFire  + . .     SeeInvis .     a - +0 spear
rCold  + . .     Clarity  .     b - +0 leather armour
rNeg   . . .     rCorr    +     (no shield)
rPois  +         rRot     .     (no helmet)
rElec  +         Spirit   .     (no cloak)
SustAb .         Warding  .     (no gloves)
rMut   .         Stasis   .     (no boots)
Gourm  .                        (no amulet)
MR     .....                    (no ring)
                                j - ring of magical power

@: resistant, shrouded (expiring), infused, drained, not resistant to hostile
enchantments, very unstealthy
A: change form in water, swift swim, repulsion field 1, deterioration 1, spit
poison 1
a: Spit Poison


You were on level 2 of the Dungeon.
You were near starving.

You visited 1 branch of the dungeon, and saw 2 of its levels.

You collected 30 gold pieces.

Inventory:

Hand weapons
 a - a +0 spear (weapon)
Missiles
 g - 19 stones (quivered)
Armour
 b - a +0 leather armour (worn)
Magical devices
 l - a wand of polymorph (14)
Comestibles
 d - 3 bread rations
 h - a beef jerky
Scrolls
 f - a scroll of noise
 i - 2 scrolls of amnesia
 p - a scroll of teleportation {unknown}
 r - a scroll of enchant weapon {unknown}
Jewellery
 j - a ring of magical power (left hand)
Potions
 m - a potion of brilliance {unknown}
 n - a potion of might {unknown}
 s - a potion of invisibility {unknown}
 t - a potion of restore abilities {unknown}
 v - a potion of cancellation {unknown}
Books
 c - a book of Battle

   Spells                             Type                      Level
   *Infusion                          Charms                       1
   *Shroud of Golubria                Charms/Translocation         2
   Song of Slaying                    Charms                       2
   Spectral Weapon                    Hexes/Charms                 3
   *Regeneration                      Charms/Necromancy            3


   Skills:
 - Level 2.1(2.0) Fighting
 - Level 6.0(5.9) Polearms
 - Level 0.6(0.5) Armour
 - Level 1.3(1.2) Dodging
 - Level 2.0(1.8) Spellcasting
 - Level 5.1(5.0) Charms
 + Level 0.0 Necromancy
 + Level 0.0 Translocations


You had 2 spell levels left.
You knew the following spells:

 Your Spells              Type           Power        Failure   Level  Hunger
a - Infusion              Chrm           ##....       4%          1    ##.....
b - Shroud of Golubria    Chrm/Tloc      #.........   17%         2    ###....
c - Regeneration          Chrm/Necr      #.........   34%         3    ####...


Dungeon Overview and Level Annotations

Branches:
Dungeon (2/15)

Altars:
Elyvilon
Nemelex Xobeh
Sif Muna
Vehumet
Xom
Zin

Annotations:
D:2 Sigmund


Innate Abilities, Weirdness & Mutations

You revert to your normal form in water.
You are very nimble and swift while swimming.
You are surrounded by a mild repulsion field (EV +2).
Your body is slowly deteriorating.
You can spit poison.


Message History

Attack whom?
Press: ? - help, Dir - move target cursor
Okay, then.
Drink which item? (? for menu, Esc to quit)
You feel protected.
It was a potion of resistance.
You hear some strange, mumbled words.
Something tries to affect you, but you resist.
Attack whom?
Press: ? - help, Dir - move target cursor You reach to attack!
You miss something. Something hits you but does no damage.
Attack whom?
Press: ? - help, Dir - move target cursor You reach to attack!
You miss something.
Drink which item? (? for menu, Esc to quit)
You feel extremely strange.
There is a nasty taste in your mouth for a moment.
You begin to radiate repulsive energy.
You feel yourself wasting away.
It was a potion of mutation.
Something hits you!
You die...

'####.###.#########.#...#####
.# #.# #.# #.###.# .# #.# #.#
#.# #.# .# #.# ### ### #)# .#
#.# #%# .# #.# #.# .# #.###♣♣
#### #.### .# #...#.♣♣
♣♣#..)# #...####### .#
#......♣♣♣♣.@...# #.........#
.# #.......♣..♣#...#
#...####.## .####.#.#..♣.♣♣♣
#### ##### #.# .##.#.###♣♣♣♣♣
#.# .##.#.# #.# .##.#.# ###
### #.# .##.#.# #.# #.# #.#
.##.#.# #)# #.#######.#
.##.#.######.# #......)..#


There were no monsters in sight!

Vanquished Creatures
  Crazy Yiuf (D:2)
  6 adders (D:2)
  A worm (D:2)
  A giant gecko (D:2)
  An ooze (D:1)
  A ball python (D:1)
  A giant cockroach (D:2)
  6 goblins
  11 hobgoblins
  12 jackals
  7 kobolds
  A quokka (D:2)
  8 bats
  7 rats
64 creatures vanquished.

Notes
Turn   | Place    | Note
--------------------------------------------------------------
     0 | D:1      | flegu, the Merfolk Skald, began the quest for the Orb.
     0 | D:1      | Reached XP level 1. HP: 16/16 MP: 3/3
   272 | D:1      | Reached XP level 2. HP: 22/22 MP: 0/4
   501 | D:1      | Reached skill level 4 in Charms
   520 | D:1      | Reached XP level 3. HP: 18/27 MP: 1/6
   528 | D:1      | Learned a level 2 spell: Shroud of Golubria
  1378 | D:2      | Noticed Sigmund
  1432 | D:2      | Reached XP level 4. HP: 29/33 MP: 1/7
  1734 | D:2      | Found a radiant altar of Vehumet.
  1734 | D:2      | Found a sparkling altar of Nemelex Xobeh.
  1734 | D:2      | Found a glowing silver altar of Zin.
  1838 | D:2      | Found a deep blue altar of Sif Muna.
  1838 | D:2      | Found a white marble altar of Elyvilon.
  1838 | D:2      | Found a shimmering altar of Xom.
  1984 | D:2      | Learned a level 3 spell: Regeneration
  2188 | D:2      | Reached skill level 5 in Polearms
  2339 | D:2      | Reached XP level 5. HP: 38/38 MP: 9/9
  2662 | D:2      | Noticed Crazy Yiuf
  2678 | D:2      | Killed Crazy Yiuf
  2678 | D:2      | Reached skill level 6 in Polearms
  2678 | D:2      | Reached skill level 5 in Charms
  2818 | D:2      | Gained mutation: You can spit poison. [potion of mutation]
  2818 | D:2      | Gained mutation: You are surrounded by a mild repulsion field (EV +2). [potion of mutation]
  2818 | D:2      | Gained mutation: Your body is slowly deteriorating. [potion of mutation]
  2818 | D:2      | Mangled by Sigmund

Action                   |  1- 3 |  4- 6 || total
-------------------------+-------+-------++-------
Melee: Spear             |   128 |   148 ||   276
Throw: Stone             |    16 |       ||    16
 Cast: Infusion          |     9 |     8 ||    17
       Shroud of Golubri |     4 |     9 ||    13
Evoke: Wand              |       |     1 ||     1
  Use: Scroll            |     5 |       ||     5
       Potion            |       |     2 ||     2
  Eat: Chunk             |     2 |     4 ||     6
